 Dungeon Crawl Stone Soup version 0.22-a0-407-gb098539 (webtiles) character file.

8516 Firecrotchwizard the Cleaver (level 11, -7/106 HPs)
             Began as a Deep Dwarf Monk on May 10, 2018.
             Was a High Priest of Makhleb.
             Mangled by a troll (9 damage)
             ... on level 10 of the Dungeon.
             The game lasted 00:23:09 (8134 turns).

Firecrotchwizard the Cleaver (Deep Dwarf Monk)      Turns: 8134, Time: 00:23:10

Health: -7/106     AC: 14    Str: 17    XL:     11   Next: 10%
Magic:  23/23      EV: 12    Int: 12    God:    Makhleb [*****.]
Gold:   552        SH:  0    Dex: 15    Spells: 10/10 levels left

rFire    . . .     SeeInvis .   u - +3 war axe (elec)
rCold    . . .     Gourm    .   (no shield)
rNeg     . . .     Faith    .   C - +3 ring mail "Eqaroisy" {rElec Regen+ rCorr}
rPois    .         Spirit   .   x - +2 helmet
rElec    +         Reflect  .   J - +2 cloak
rCorr    +         Harm     .   (no gloves)
MR       +....                  (no boots)
Stlth    +.........             (no amulet)
HPRegen  0.00/turn              o - +1 ring of slaying
MPRegen  0.18/turn              I - ring of magical power {MP+9}

@: lethally poisoned (-7 -> -7), non-regenerating, slowed, very slow
A: damage resistance, heal wounds, sense surroundings 2, no regeneration
a: Heal Wounds, Minor Destruction, Lesser Servant of Makhleb, Major Destruction,
Greater Servant of Makhleb, Renounce Religion


You were on level 10 of the Dungeon.
You worshipped Makhleb.
Makhleb was extremely pleased with you.
You were not hungry.

You visited 2 branches of the dungeon, and saw 11 of its levels.

You collected 552 gold pieces.

Inventory:

Hand Weapons
 u - a +3 war axe of electrocution (weapon)
   (You took it off an orc on level 3 of the Dungeon)
 D - a +0 broad axe
   (You found it on level 4 of the Dungeon)
Missiles
 E - 5 throwing nets {=f, !d}
Armour
 l - a +1 ring mail of cold resistance
   (You found it on level 2 of the Dungeon)
 m - a +1 chain mail
   (You found it on level 2 of the Dungeon)
 x - a +2 helmet (worn)
   (You found it on level 3 of the Dungeon)
 C - the +3 ring mail "Eqaroisy" (worn) {rElec Regen+ rCorr}
   (You found it on level 4 of the Dungeon)

   It insulates you from electricity.
   It increases your rate of regeneration.
   It protects you from acid and corrosion.
 J - a +2 cloak (worn)
   (You found it on level 7 of the Dungeon)
 P - a +0 pair of gloves
   (You found it on level 9 of the Dungeon)
Jewellery
 o - a +1 ring of slaying (left hand)
   (You found it on level 2 of the Dungeon)
 r - an uncursed ring of positive energy {rN+}
   (You found it on level 3 of the Dungeon)
 s - an uncursed ring of fire {rF+, rC-}
   (You found it on level 3 of the Dungeon)
 I - a ring of magical power (right hand) {MP+9}
   (You found it on level 7 of the Dungeon)
 N - an uncursed ring of protection from cold {rC+, !d}
   (You found it on level 8 of the Dungeon)
Wands
 a - a wand of digging (23)
   (You found it on level 5 of the Dungeon)
 j - a wand of disintegration (4) {@e1}
   (You found it on level 2 of the Dungeon)
 k - a wand of polymorph (10)
   (You found it on level 7 of the Dungeon)
 y - a wand of random effects (39)
   (You found it on level 5 of the Dungeon)
 H - a wand of paralysis (27)
   (You found it on level 5 of the Dungeon)
Scrolls
 d - a scroll of enchant armour
 f - 10 scrolls of identify
 n - 2 scrolls of amnesia
 p - 3 scrolls of remove curse
 q - 2 scrolls of enchant weapon
 t - 4 scrolls of random uselessness {unknown}
 z - a scroll of immolation {!r}
 B - a scroll of blinking {!r}
 K - a scroll of magic mapping {!r}
 M - 2 scrolls of teleportation
 Q - a scroll of fog {unknown}
Potions
 b - 2 potions of cancellation {unknown}
 e - a potion of magic {unknown}
 g - 3 potions of lignification {unknown}
 h - 3 potions of berserk rage {unknown}
 i - 2 potions of agility
 v - a potion of might {unknown}
 w - 2 potions of resistance
 A - a potion of haste {unknown}
 F - a potion of mutation {unknown}
 G - a potion of curing {unknown}
 L - a potion of flight {unknown}
Comestibles
 c - 17 rations {@e1}
 O - 25 chunks of flesh {@w0}


   Skills:
 + Level 9.1 Fighting
 * Level 14.1 Axes
 - Level 3.3 Dodging
 - Level 2.4 Stealth
 + Level 7.9 Invocations


You had 10 spell levels left.
You didn't know any spells.

Dungeon Overview and Level Annotations

Branches:
Dungeon (10/15)            Temple (1/1) D:4             Orc (0/2) D:9
   Lair: D:8-11

Altars:
Elyvilon
Hepliaklqana
Makhleb
Okawaru
Qazlal
Ru
Sif Muna
Trog
Wu Jian
Xom
Yredelemnul

Annotations:
D:9 Erolcha


Innate Abilities, Weirdness & Mutations

You are resistant to damage.
You can heal yourself by infusing magical energy.
You passively map the area around you.
You do not regenerate.


Message History

A scorpion comes into view.
You barely miss the kobold. You miss the kobold.
The kobold hits you but does no damage. The kobold barely misses you.
You hit the big kobold. You barely miss the kobold.
The kobold barely misses you.
The kobold unwields an uncursed blowgun.
The kobold closely misses you.
You slash the big kobold! You closely miss the kobold.
You barely miss the kobold. x2
The big kobold hits you but does no damage.
The kobold hits you but does no damage.
A two-headed ogre comes into view. It is wielding two giant spiked clubs.
You hit the big kobold. You hit the kobold but do no damage.
You slash the kobold!
You kill the kobold!
Makhleb accepts your kill.
You hit the kobold.
You kill the kobold!
Makhleb accepts your kill.
You feel better.
You hit the kobold. Lightning courses through the kobold!
You kill the kobold!
Makhleb accepts your kill.
You feel better. The big kobold barely misses you.
The troll closely misses you. x2; The troll claws you.
You regained 2 hp, and now have 102/106 hp.
You slice the big kobold!!
Lightning courses through the big kobold!
You kill the big kobold!
Makhleb accepts your kill.
You hit the kobold. You slash the kobold!
You kill the kobold!
Makhleb accepts your kill.
You slash the troll! The kobold closely misses you.
The troll completely misses you. The troll barely misses you.
The troll claws you. The kobold hits you but does no damage.
You take 2 damage, and have 100/106 hp.
You slash the kobold! Lightning courses through the kobold!
You kill the kobold!
Makhleb accepts your kill.
You slash the kobold!
You kill the kobold!
Makhleb accepts your kill.
You can now summon a greater servant of Makhleb.
You feel better.
You slash the kobold! Lightning courses through the kobold!
You kill the kobold!
Makhleb accepts your kill.
You feel better.
You hit the troll. The troll bites you! The troll closely misses you.
The troll claws you. The scorpion stings you.
You are more poisoned.
The scorpion poisons you!
You take 11 damage, and have 89/106 hp.
You slash the troll! You hit the scorpion but do no damage.
Lightning courses through the scorpion! The troll bites you but does no damage.
The troll claws you. x2; The scorpion barely misses you.
You slash the scorpion!
You kill the scorpion!
Makhleb accepts your kill.
You feel better.
You hit the troll. The troll completely misses you.
The troll closely misses you. x2
You regained 5 hp, and now have 94/106 hp.
You slash the troll! You slash the two-headed ogre!
The troll bites you but does no damage. The troll claws you.
The troll claws you but does no damage. The two-headed ogre closely misses you.
The two-headed ogre hits you with a giant spiked club.
The troll barely misses you. x2; The troll claws you!
You take 13 damage, and have 81/106 hp.
You barely miss the troll. You hit the two-headed ogre. The troll bites you.
The troll claws you! The troll claws you.
The two-headed ogre hits you but does no damage.
The two-headed ogre closely misses you.
You take 8 damage, and have 73/106 hp.
You hit the troll. You slash the two-headed ogre!
The troll bites you but does no damage. The troll closely misses you.
The troll claws you.
You take 4 damage, and have 69/106 hp.
You closely miss the troll. You hit the two-headed ogre.
The two-headed ogre barely misses you. x2; The troll bites you!
The troll completely misses you. The troll claws you!
You take 23 damage, and have 46/106 hp.
MASSIVE DAMAGE!!
You slash the two-headed ogre!
Lightning courses through the two-headed ogre!
You hit the troll but do no damage.
The two-headed ogre hits you with a giant spiked club!
The two-headed ogre closely misses you. The troll barely misses you.
The troll claws you!
* * * LOW HITPOINT WARNING * * *
The troll claws you but does no damage.
You take 18 damage, and have 28/106 hp.
You hit the two-headed ogre but do no damage.
You hit the troll.
The troll barely misses you. x2; The troll claws you!
* * * LOW HITPOINT WARNING * * *
The two-headed ogre hits you with a giant spiked club!
* * * LOW HITPOINT WARNING * * *
The two-headed ogre hits you with a giant spiked club!
* * * LOW HITPOINT WARNING * * *
The troll bites you.
* * * LOW HITPOINT WARNING * * *
The troll claws you. The troll claws you!
You die...

##..............#.....#
#.....................#
#.....................#
#......)..............#
#.....................#
#.....................#
#.....................#
##............))T#..####
#........##...O@)).##
#..####.....###)...<#
....# #..######(###)#
######### #..## #..##
#..# #.####........ ..#
#.>.# #.##
#.)........... ##
####.#.####(#
#####.........
##....#.##..(#
#.........
##..####....###
#........ #..## #..###
#........


You could see a two-headed ogre and a troll.

Vanquished Creatures
  The ghost of listentometal the Arsonist, a novice OpFE of Vehumet (D:7)
  Psyche (D:9)
  The ghost of AgonHex the Skirmisher, a novice GnWn (D:4)
  A troll (D:9)
  Grinder (D:5)
  2 hippogriffs
  A tarantella (shapeshifter) (D:10)
  Eustachio (D:4)
  4 hogs (D:7)
  9 yaks
  A hungry ghost (D:7)
  A human (D:7)
  Menkaure (D:5)
  A sky beast (D:8)
  3 ice beasts
  The ghost of GuildmasterMusic the Firebug, an amateur TrWn (D:3)
  A phantom (D:8)
  5 ogres
  2 necrophages
  3 centaurs
  2 big kobolds
  Blork the orc (D:4)
  3 bullfrogs
  A water moccasin skeleton (D:8)
  5 scorpions
  A howler monkey (D:10)
  A jelly (D:8)
  A wight (D:8)
  5 crimson imps
  A centaur zombie (D:7)
  2 bullfrog zombies
  5 gnoll shamans (D:4)
  2 orc priests
  2 bullfrog skeletons
  A hound (D:5)
  5 orc wizards
  3 iguanas
  3 worker ants
  A hound skeleton (D:6)
  A worker ant zombie (D:10)
  Robin (D:3)
  34 gnolls (D:4)
  11 adders
  A shadow imp (D:5)
  3 adder skeletons
  3 worms
  2 dart slugs
  8 leopard geckos
  27 orcs
  8 bats
  3 giant cockroaches
  15 goblins
  9 hobgoblins
  27 jackals
  5 quokkas
  2 ball pythons
  3 frilled lizards
  12 kobolds
  A leopard gecko skeleton (D:4)
  11 rats
273 creatures vanquished.

Vanquished Creatures (collateral kills)
  A two-headed ogre (D:8)
1 creature vanquished.

Grand Total: 274 creatures vanquished

Notes
Turn   | Place    | Note
-------+----------+-------------------------------------------
     0 | D:1      | Firecrotchwizard the Deep Dwarf Monk began the quest for the Orb.
     0 | D:1      | Reached XP level 1. HP: 20/20 MP: 1/1
   224 | D:1      | Reached XP level 2. HP: 27/27 MP: 2/2
   432 | D:1      | Reached skill level 3 in Fighting
   554 | D:1      | Reached skill level 4 in Axes
   700 | D:1      | Reached XP level 3. HP: 25/34 MP: 3/3
  1144 | D:2      | Reached XP level 4. HP: 15/42 MP: 4/4
  1172 | D:2      | Found a sacrificial altar of Ru.
  1182 | D:2      | Reached skill level 5 in Axes
  1535 | D:2      | Found a deep blue altar of Sif Muna.
  1643 | D:3      | Reached XP level 5. HP: 43/50 MP: 3/3
  1654 | D:3      | Noticed a centaur
  1785 | D:3      | Killed a centaur
  1785 | D:3      | Reached skill level 4 in Fighting
  1785 | D:3      | Reached skill level 6 in Axes
  1912 | D:3      | Noticed Robin
  1918 | D:3      | Found a bloodstained altar of Trog.
  1927 | D:3      | Reached XP level 6. HP: 33/57 MP: 4/4
  1952 | D:3      | Killed Robin
  2133 | D:3      | Found an ornate altar of the Wu Jian Council.
  2134 | D:3      | Found a stormy altar of Qazlal.
  2244 | D:3      | Noticed GuildmasterMusic's ghost (amateur TrWn)
  2387 | D:3      | Killed GuildmasterMusic's ghost
  2456 | D:4      | Found a staircase to the Ecumenical Temple.
  2466 | Temple   | Entered the Ecumenical Temple
  2506 | Temple   | Became a worshipper of Makhleb the Destroyer
  2506 | Temple   | Reached * piety under Makhleb
  2506 | Temple   | Reached ** piety under Makhleb
  2559 | D:4      | Noticed AgonHex's ghost (novice GnWn)
  2597 | D:4      | Killed AgonHex's ghost
  2597 | D:4      | Reached skill level 5 in Fighting
  2597 | D:4      | Reached skill level 8 in Axes
  2597 | D:4      | Reached XP level 7. HP: 31/67 MP: 5/5
  2635 | D:4      | Noticed Eustachio
  2665 | D:4      | HP: 15/67 [Eustachio/rapier (3)]
  2670 | D:4      | Killed Eustachio
  2857 | D:4      | Noticed Blork the orc
  2860 | D:4      | HP: 11/67 [Blork the orc/halberd (7)]
  2861 | D:4      | HP: 4/67 [Blork the orc/halberd (7)]
  2865 | D:4      | Killed Blork the orc
  2904 | D:4      | Reached XP level 8. HP: 28/75 MP: 6/6
  2918 | D:4      | Got a twisted ring mail
  2995 | D:4      | Reached skill level 9 in Axes
  3484 | D:4      | Reached *** piety under Makhleb
  3538 | D:4      | Reached skill level 6 in Fighting
  3564 | D:4      | HP: 17/76 [ogre/giant club (15)]
  3565 | D:4      | Reached skill level 10 in Axes
  3743 | D:5      | Entered Level 5 of the Dungeon
  3773 | D:5      | Noticed Menkaure
  3857 | D:5      | Found a basalt altar of Yredelemnul.
  3919 | D:5      | Noticed Grinder
  3926 | D:5      | Killed Grinder
  4189 | D:5      | Gained mutation: You passively map the area around you. [Deep Dwarf growth]
  4189 | D:5      | Reached XP level 9. HP: 59/85 MP: 7/7
  4491 | D:5      | Reached skill level 11 in Axes
  4779 | D:5      | Killed Menkaure
  4813 | D:6      | Reached skill level 7 in Fighting
  4940 | D:6      | Identified the +3 ring mail "Eqaroisy" {rElec Regen+ rCorr} (You found it on level 4 of the Dungeon)
  5139 | D:6      | Reached **** piety under Makhleb
  5695 | D:6      | Reached skill level 1 in Invocations
  5880 | D:7      | Noticed listentometal's ghost (novice OpFE)
  5893 | D:7      | Killed listentometal's ghost
  5893 | D:7      | Reached skill level 2 in Invocations
  5924 | D:7      | Reached skill level 3 in Invocations
  5967 | D:7      | Reached skill level 12 in Axes
  6127 | D:7      | Reached skill level 4 in Invocations
  6154 | D:7      | Reached XP level 10. HP: 95/95 MP: 11/11
  6274 | D:7      | Reached skill level 8 in Fighting
  6331 | D:7      | Reached skill level 5 in Invocations
  7057 | D:8      | Noticed a two-headed ogre
  7062 | D:8      | Killed a two-headed ogre
  7062 | D:8      | Reached skill level 13 in Axes
  7062 | D:8      | Reached skill level 6 in Invocations
  7107 | D:8      | Found a hazy altar of Hepliaklqana.
  7391 | D:9      | Found a staircase to the Orcish Mines.
  7461 | D:9      | Reached skill level 7 in Invocations
  7529 | D:9      | Noticed Erolcha
  7607 | D:9      | Noticed Psyche
  7616 | D:9      | Killed Psyche
  7841 | D:10     | Entered Level 10 of the Dungeon
  7898 | D:10     | Reached skill level 9 in Fighting
  7898 | D:10     | Reached skill level 14 in Axes
  7898 | D:10     | Reached XP level 11. HP: 106/106 MP: 14/14
  8124 | D:10     | Noticed a two-headed ogre
  8126 | D:10     | Reached ***** piety under Makhleb
  8134 | D:10     | HP: 21/106 [troll (7)]
  8134 | D:10     | HP: 6/106 [two-headed ogre/giant spiked club (10)]
  8134 | D:10     | HP: 2/106 [troll (4)]
  8134 | D:10     | Mangled by a troll

Vault maps used:
D:1:      dpeg_arrival_radiant, st_stairs_12, minivault_27
D:2:      minmay_diamond_boxcup, nicolae_ru_great_annihilating_truth,
          led_sif_pool
D:3:      cheibrodos_helix_gallery, bloody_trog, grunt_temple_overflow_open,
          serial_bayou, serial_bayou_lagoon_b, serial_bayou_crossing,
          serial_bayou_pond_c, serial_bayou_pond_b, uniq_robin
D:4:      lemuel_castle_with_subvaults, temple_statues, patterned_corridor,
          uniq_blork_the_orc, uniq_eustachio
D:5:      first_ration, basic_altar, uniq_grinder, uniq_menkaure
D:7:      hangedman_decor_growths, nicolae_benzene_ring, grunt_livestock
D:8:      wad_cavern_with_rooms, basic_altar, minmay_misc_feat_x
D:9:      orc_0_dummy, grunt_decor_one_mirror, uniq_erolcha, uniq_psyche
Temple:   dpeg_five_rooms_temple

Skill      XL: |  1  2  3  4  5  6  7  8  9 10 |
---------------+-------------------------------+-----
Fighting       | 3 4 5 6 7 9 |  9.1
Axes           | 4 5 6 8 10 12 14 | 14.1
Invocations    | 4 7 |  7.9
Dodging        | |  3.3
Stealth        | |  2.4

Action                   |  1- 3 |  4- 6 |  7- 9 | 10-12 || total
-------------------------+-------+-------+-------+-------++-------
Melee: Hand axe          |   184 |   137 |       |       ||   321
       War axe           |       |    38 |   285 |   197 ||   520
Invok: Lesser Servant of |       |       |       |     2 ||     2
 Abil: Heal Wounds       |       |     3 |     1 |     1 ||     5
Evoke: Wand              |     1 |       |     9 |       ||    10
  Use: Scroll            |       |       |    12 |     2 ||    14
 Stab: Sleeping          |     3 |     3 |     2 |     2 ||    10
  Eat: Chunk             |     1 |     5 |    13 |     6 ||    25
Armor: Ring mail         |    67 |    69 |   101 |    76 ||   313
       Robe              |     1 |       |       |       ||     1
Dodge: Dodged            |   113 |   105 |   143 |    98 ||   459

Table legend:
 A = Spawn XP
 B = Non-spawn XP
 C = Spawn XP percentage of total XP
 D = Spawn monster count
 E = Non-spawn monster count
 F = Spawn count percentage of total count
 G = Total turns spent on level
                    A         B        C        D         E        F      G
               +---------+---------+-------+---------+---------+-------+---------
         Total |       0 |   12167 |   0.0 |       0 |     274 |   0.0 |  8134
               +---------+---------+-------+---------+---------+-------+---------
           D:1 |       0 |      42 |   0.0 |       0 |      22 |   0.0 |   794
           D:2 |       0 |     130 |   0.0 |       0 |      31 |   0.0 |   785
           D:3 |       0 |     391 |   0.0 |       0 |      40 |   0.0 |   868
           D:4 |       0 |    1679 |   0.0 |       0 |      65 |   0.0 |  1224
           D:5 |       0 |     844 |   0.0 |       0 |      19 |   0.0 |  1067
           D:6 |       0 |     384 |   0.0 |       0 |      14 |   0.0 |  1034
           D:7 |       0 |    2925 |   0.0 |       0 |      22 |   0.0 |   865
           D:8 |       0 |    1847 |   0.0 |       0 |      24 |   0.0 |   632
           D:9 |       0 |    2059 |   0.0 |       0 |      12 |   0.0 |   523
          D:10 |       0 |    1866 |   0.0 |       0 |      25 |   0.0 |   270
               +---------+---------+-------+---------+---------+-------+---------

Vault maps used:
D:1:      dpeg_arrival_radiant, st_stairs_12, minivault_27
D:2:      minmay_diamond_boxcup, nicolae_ru_great_annihilating_truth,
          led_sif_pool
D:3:      cheibrodos_helix_gallery, bloody_trog, grunt_temple_overflow_open,
          serial_bayou, serial_bayou_lagoon_b, serial_bayou_crossing,
          serial_bayou_pond_c, serial_bayou_pond_b, uniq_robin
D:4:      lemuel_castle_with_subvaults, temple_statues, patterned_corridor,
          uniq_blork_the_orc, uniq_eustachio
D:5:      first_ration, basic_altar, uniq_grinder, uniq_menkaure
D:7:      hangedman_decor_growths, nicolae_benzene_ring, grunt_livestock
D:8:      wad_cavern_with_rooms, basic_altar, minmay_misc_feat_x
D:9:      orc_0_dummy, grunt_decor_one_mirror, uniq_erolcha, uniq_psyche
Temple:   dpeg_five_rooms_temple

Table legend:
 A = Turns spent in this place as a percentage of turns spent in the entire game.
 B = Non-inter-level travel turns spent in this place as a percentage of non-inter-level travel turns spent in the entire game.
 C = Inter-level travel turns spent in this place as a percentage of turns spent in this place.
 D = Turns resting spent in this place as a percentage of non-inter-level travel turns spent in this place.
 E = Turns spent auto-exploring this place as a percentage of non-inter-level travel turns spent in this place.
 F = Non-inter-level travel turns spent in this place divided by the number of levels of this place that you've seen.
                   A       B       C       D       E      F
               +-------+-------+-------+-------+-------+----------------------
         Total | 100.0 | 100.0 |   4.0 |   3.2 |  67.5 | 709.6
       Dungeon |  99.1 |  99.5 |   3.7 |   3.2 |  67.4 | 776.5
        Temple |   0.9 |   0.5 |  43.1 |   0.0 |  87.8 |  41.0
               +-------+-------+-------+-------+-------+----------------------

Table legend:
 A = Kills in this place as a percentage of kills in entire the game.
 B = Kills by you in this place as a percentage of kills by you in the entire game.
 C = Kills by friends in this place as a percentage of kills by friends in the entire game.
 D = Other kills in this place as a percentage of other kills in the entire game.
 E = Experience gained in this place as a percentage of experience gained in the entire game.
 F = Experience gained in this place divided by the number of levels of this place that you have seen.
                   A       B       C       D       E      F
               +-------+-------+-------+-------+-------+----------------------
         Total | 100.0 | 100.0 | 100.0 |   N/A | 100.0 | 1106.1
       Dungeon | 100.0 | 100.0 | 100.0 |   N/A | 100.0 | 1216.7
               +-------+-------+-------+-------+-------+----------------------
